 Dungeon Crawl Stone Soup version 0.21-a0-404-g291f19a (webtiles) character file.

11434 Klosterheim the Cleaver (level 12, -2/99 HPs)
             Began as a Formicid Gladiator on Oct 29, 2017.
             Was an Elder of Ru.
             Slain by a sun demon (13 damage)
             ... summoned by an orc sorcerer
             ... on level 1 of the Orcish Mines.
             The game lasted 00:28:39 (10059 turns).

Klosterheim the Cleaver (Formicid Gladiator)       Turns: 10059, Time: 00:28:40

Health: -2/99      AC: 24    Str: 24    XL:     12   Next: 7%
Magic:  12/12      EV:  9    Int:  8    God:    Ru [****..]
Gold:   609        SH:  0    Dex: 12    Spells: 11/11 levels left

rFire    . . .     SeeInvis +   a - +1 war axe
rCold    . . .     Gourm    .   z - +3 buckler
rNeg     + + +     Faith    .   A - +7 chain mail of Jenwieb {rElec rC- rN+++ Stlth+}
rPois    .         Spirit   .   (helmet unavailable)
rElec    +         Reflect  .   l - +0 cloak
rCorr    .         Harm     .   y - +0 pair of gloves
MR       +....                  (no boots)
Stlth    ..........             q - amulet of magic regeneration
HPRegen  0.26/turn              e - +1 ring of slaying
MPRegen  0.38/turn              f - ring of protection from cold

@: confused
A: permanent stasis, dig shafts and tunnels, four strong arms, antennae 3,
talons 1, icy blue scales 1, rugged brown scales 1, evolution 1, inability to
use devices, hated by all, no charms magic, no hexes magic, no ice magic
a: Dig, Shaft Self, Draw Out Power, Power Leap, Renounce Religion


You were on level 1 of the Orcish Mines.
You worshipped Ru.
Ru was greatly pleased with you.
You were not hungry.

You visited 2 branches of the dungeon, and saw 11 of its levels.

You collected 856 gold pieces.
You spent 247 gold pieces at shops.

Inventory:

Hand Weapons
 a - a +1 war axe (weapon)
Missiles
 c - 6 throwing nets (quivered)
Armour
 l - a +0 cloak (worn)
 y - a +0 pair of gloves (worn)
 z - a +3 buckler (worn)
 A - the +7 chain mail of Jenwieb (worn) {rElec rC- rN+++ Stlth+}
   (You bought it in a shop on level 10 of the Dungeon)

   It makes you vulnerable to cold.
   It insulates you from electricity.
   It renders you almost immune to negative energy.
   It makes you more stealthy.
Jewellery
 e - a +1 ring of slaying (left hand)
 f - a ring of protection from cold (right hand)
 q - an amulet of magic regeneration (around neck)
 w - an uncursed ring of fire
Scrolls
 m - 3 scrolls of remove curse
 p - a scroll of fear
 r - 2 scrolls of identify
Potions
 k - a potion of brilliance {unknown}
 u - a potion of flight
 B - a potion of cancellation {unknown}
 C - a potion of magic {unknown}
Books
 n - a book of Beasts

   Spells                             Type                      Level
   a - Summon Butterflies             Summoning                    1
   b - Call Canine Familiar           Summoning                    3
   c - Summon Ice Beast               Ice/Summoning                4
   d - Summon Mana Viper              Hexes/Summoning              5
   e - Summon Hydra                   Summoning                    7
 G - a book of Cantrips

   Spells                             Type                      Level
   a - Confusing Touch                Hexes                        1
   b - Animate Skeleton               Necromancy                   1
   c - Summon Small Mammal            Summoning                    1
   d - Apportation                    Translocation                1
Comestibles
 b - a chunk of flesh
 d - 6 bread rations
 i - 4 meat rations
 j - 7 royal jellies
 s - 13 fruits


   Skills:
 + Level 10.2 Fighting
 * Level 12.8 Axes
 - Level 2.0 Throwing
 + Level 9.6 Armour
 - Level 2.6 Dodging
 - Level 4.0 Shields


You had 11 spell levels left.
You didn't know any spells.

Dungeon Overview and Level Annotations

Branches:
Dungeon (10/15)            Temple (0/1) D:7            Lair (0/6) D:10
    Orc (2/2) D:10
    Elf: Orc:2

Altars:
Dithmenos
Qazlal
Ru
Sif Muna
Beogh

Shops:
D:6 }   D:10 (=:[(

Annotations:
D:5 Prince Ribbit
Orc:2 Saint Roka


Innate Abilities, Weirdness & Mutations

You cannot be hasted, slowed, berserked, paralysed or teleported.
You can dig through walls and to a lower floor.
Your four strong arms can wield two-handed weapons with a shield.
You have a pair of large antennae on your head. (SInv)
You cannot study or use magical devices.
You are hated by all.
You cannot study or cast Charms magic.
You cannot study or cast Hexes magic.
You cannot study or cast Ice magic.
You have sharp toenails.
You are partially covered in icy blue scales. (AC +2)
You are partially covered in rugged brown scales. (AC +1, +3% HP)
You evolve.


Message History

You miss the ufetubus. You closely miss the ynoxinul.
The orc sorcerer hits you but does no damage.
You redirect the sun demon's attack!
The sun demon closely misses the ynoxinul.
The ufetubus barely misses you.
The ufetubus hits you but does no damage.
The ynoxinul gestures at you. The iron shot hits you!
* * * LOW HITPOINT WARNING * * *
The ufetubus closely misses you.
The ufetubus hits you but does no damage.
The orc sorcerer wildly gestures.
The orc sorcerer's hands start to glow.
You redirect the orc sorcerer's attack!
The ynoxinul barely misses you.
The ufetubus hits you but does no damage.
The ufetubus barely misses you. The sun demon hits you!
* * * LOW HITPOINT WARNING * * *
You are engulfed in flames!
You die...

#.#.## ##.###...........###...
...## #...###.......)...###..
#.## ##.## ##[.....#....#.#. ###
##..###....#..#.#.#....
#....##..........###.## ###
####...................##
##.######.##.....o..............#
#...##.#.......)33....#...._....#
##.##...........@5...............
#......#.........................
#.........#............#...###..#
##.....................##.##.....
#.......................##.....#
##......#.......................#
#..............................##
#............##...#........#.###
#........#.........#.........##


You could see a sun demon, a ynoxinul, an orc sorcerer and an ufetubus.

Vanquished Creatures
  Gastronok (D:10)
  5 two-headed ogres
  A deep elf mage (D:10)
  A cyclops (D:10)
  An orc sorcerer (Orc:1)
  Joseph (D:8)
  A gargoyle (D:10)
  A troll (D:10)
  A merfolk (D:10)
  A hippogriff (D:8)
  A human (D:10)
  8 orc warriors
  A sky beast (D:10)
  A centaur (D:8)
  2 ice beasts
  A necrophage (D:10)
  4 ogres
  3 phantoms
  A crocodile (D:10)
  3 big kobolds (D:10)
  2 bullfrogs (D:8)
  3 gnoll sergeants (D:10)
  2 scorpions
  2 howler monkeys (D:8)
  5 crimson imps
  2 hounds
  10 orc wizards
  A gnoll shaman (D:7)
  3 orc priests
  A bullfrog skeleton (D:6)
  An iguana (D:7)
  10 worker ants
  A killer bee zombie (D:6)
  A worker ant zombie (D:8)
  12 gnolls
  11 adders
  An ooze (D:4)
  A worm (D:4)
  2 dart slugs (D:1)
  4 leopard geckos
  23 orcs
  5 giant cockroaches
  9 goblins
  11 hobgoblins
  9 jackals
  16 kobolds
  2 quokkas
  A ball python (D:1)
  16 bats
  8 frilled lizards
  A jackal zombie (D:6)
  9 rats
224 creatures vanquished.

Vanquished Creatures (others)
  Snorg (D:10)
  A gnoll (D:7)
  2 orcs (Orc:2)
4 creatures vanquished.

Grand Total: 228 creatures vanquished

Notes
Turn   | Place    | Note
-------+----------+-------------------------------------------
     0 | D:1      | Klosterheim the Formicid Gladiator began the quest for the Orb.
     0 | D:1      | Reached XP level 1. HP: 16/16 MP: 1/1
    72 | D:1      | Reached XP level 2. HP: 15/23 MP: 2/2
   451 | D:1      | Reached XP level 3. HP: 25/28 MP: 3/3
   455 | D:1      | Reached skill level 1 in Shields
  1221 | D:2      | Reached XP level 4. HP: 34/34 MP: 4/4
  1438 | D:2      | Reached skill level 4 in Axes
  2178 | D:3      | Reached XP level 5. HP: 41/41 MP: 5/5
  2249 | D:3      | Found a stormy altar of Qazlal.
  2299 | D:3      | Found a deep blue altar of Sif Muna.
  2312 | D:3      | Found a shadowy altar of Dithmenos.
  2599 | D:3      | Found a sacrificial altar of Ru.
  2862 | D:3      | Became a worshipper of Ru the Awakened
  2971 | D:4      | Reached skill level 1 in Armour
  3056 | D:4      | Reached XP level 6. HP: 41/47 MP: 6/6
  3260 | D:4      | Reached skill level 5 in Axes
  3401 | D:4      | Noticed a phantom
  3418 | D:4      | Gained mutation: You passively map a small area around you. [potion of mutation]
  3418 | D:4      | Gained mutation: You evolve. [potion of mutation]
  3433 | D:4      | Reached XP level 7. HP: 37/53 MP: 7/7
  4059 | D:5      | Entered Level 5 of the Dungeon
  4131 | D:5      | Noticed Prince Ribbit
  4191 | D:4      | Gained mutation: You rapidly evolve. [evolution]
  4603 | D:6      | Gained mutation: You are hated by all. [Ru sacrifice]
  4603 | D:6      | Reached * piety under Ru
  5077 | D:6      | Found Sutsaplib's Gadget Emporium.
  5142 | D:6      | Reached skill level 6 in Axes
  5232 | D:6      | Reached XP level 8. HP: 51/61 MP: 8/8
  5699 | D:7      | Reached skill level 5 in Fighting
  5801 | D:7      | Found a staircase to the Ecumenical Temple.
  5886 | D:7      | Reached skill level 7 in Axes
  6320 | D:8      | Reached XP level 9. HP: 56/69 MP: 9/9
  6371 | D:8      | Reached skill level 8 in Axes
  6371 | D:8      | Reached skill level 5 in Armour
  6584 | D:8      | Gained mutation: You cannot study or cast Ice magic. [Ru sacrifice]
  6584 | D:8      | Gained mutation: You cannot study or cast Hexes magic. [Ru sacrifice]
  6584 | D:8      | Gained mutation: You cannot study or cast Charms magic. [Ru sacrifice]
  6584 | D:8      | Reached ** piety under Ru
  6645 | D:8      | Noticed a hippogriff
  6647 | D:8      | Noticed Joseph
  6656 | D:8      | Killed a hippogriff
  6665 | D:8      | Killed Joseph
  6665 | D:8      | Reached skill level 9 in Axes
  6840 | D:8      | Gained mutation: You are frail. (-10% HP) [evolution]
  6962 | D:8      | You fall through a shaft for 2 floors!
  6962 | D:10     | Entered Level 10 of the Dungeon
  6971 | D:10     | Lost mutation: You passively map a small area around you. [potion of mutation]
  6971 | D:10     | Lost mutation: You are frail. (-10% HP) [potion of mutation]
  6971 | D:10     | Lost mutation: You rapidly evolve. [potion of mutation]
  6971 | D:10     | Gained mutation: You have sharp toenails. [potion of mutation]
  6971 | D:10     | Gained mutation: You are partially covered in rugged brown scales. (AC +1, +3% HP) [potion of mutation]
  7003 | D:10     | Found Tege's Weapon Boutique.
  7070 | D:10     | Found Meagazeu's Jewellery Shop.
  7076 | D:10     | Found Obirgh's Antique Armour Boutique.
  7095 | D:10     | Bought a topaz-encrusted chain mail for 247 gold pieces
  7095 | D:10     | Identified the +7 chain mail of Jenwieb {rElec rC- rN+++ Stlth+} (You bought it in a shop on level 10 of the Dungeon)
  7149 | D:10     | Noticed Gastronok
  7150 | D:10     | Noticed a two-headed ogre
  7152 | D:10     | Found Goclekug's Book Boutique.
  7274 | D:10     | Killed a two-headed ogre
  7274 | D:10     | Reached skill level 10 in Axes
  7274 | D:10     | Reached XP level 10. HP: 71/82 MP: 10/10
  7346 | D:10     | Noticed a two-headed ogre
  7357 | D:10     | Killed a two-headed ogre
  7362 | D:10     | Noticed a two-headed ogre
  7491 | D:10     | Gained mutation: You are partially covered in icy blue scales. (AC +2) [evolution]
  7532 | D:10     | Noticed a deep elf mage
  7566 | D:10     | Killed a deep elf mage
  7609 | D:10     | Found a staircase to the Lair.
  7703 | D:10     | Found Gumael's Antique Weapon Shoppe.
  7750 | D:10     | Noticed a two-headed ogre
  7773 | D:10     | Killed a two-headed ogre
  7773 | D:10     | Reached skill level 11 in Axes
  7773 | D:10     | Reached XP level 11. HP: 55/89 MP: 11/11
  7992 | D:10     | Noticed a cyclops
  8011 | D:10     | Killed a cyclops
  8105 | D:10     | Killed Gastronok
  8435 | D:10     | Found a staircase to the Orcish Mines.
  8462 | D:10     | Reached skill level 12 in Axes
  9013 | D:10     | Killed a two-headed ogre
  9023 | D:10     | Gained mutation: You cannot study or use magical devices. [Ru sacrifice]
  9023 | D:10     | Reached *** piety under Ru
  9023 | D:10     | Reached **** piety under Ru
  9090 | Orc:1    | Entered Level 1 of the Orcish Mines
  9090 | Orc:1    | Noticed Snorg
  9116 | D:10     | Killed Snorg
  9330 | Orc:1    | Found a roughly hewn altar of Beogh.
  9401 | Orc:1    | Noticed a two-headed ogre
  9420 | Orc:1    | Killed a two-headed ogre
  9420 | Orc:1    | Reached skill level 10 in Fighting
  9851 | Orc:2    | Entered Level 2 of the Orcish Mines
  9851 | Orc:2    | Noticed Saint Roka
  9851 | Orc:2    | Noticed an orc sorcerer
  9853 | Orc:2    | Noticed an orc sorcerer
  9859 | Orc:1    | Reached XP level 12. HP: 91/99 MP: 12/12
 10052 | Orc:1    | Noticed a sun demon
 10059 | Orc:1    | Slain by a sun demon

Vault maps used:
D:1:      wheals_arrival_shading, minivault_26
D:2:      first_bread, minmay_circled_x
D:3:      nicolae_overflow_quartered_altars, uniq_crazy_yiuf_cottage
D:4:      kennysheep_big_flooded_room, hangedman_decor_riveting
D:5:      serial_shops, shop, roderic_batcave, uniq_pikel, uniq_prince_ribbit1,
          uniq_sigmund
D:6:      serial_shops, shop
D:7:      temple_green
D:8:      uniq_joseph
D:10:     lair_entry_dummy, kennysheep_orc_monster_closet_entryway,
          serial_shops, nicolae_shop_trees,
          nicolae_shop_temple_entry_statues_fountains, nicolae_shop_trees,
          nicolae_shop_behind_doors, nicolae_shop_behind_doors,
          hangedman_stone_soup, uniq_gastronok
Orc:1:    basic_altar, serial_shops, uniq_snorg
Orc:2:    grunt_orc_gardens, grunt_orc_garden, grunt_orc_garden,
          grunt_orc_garden, grunt_orc_garden, uniq_donald, uniq_rupert,
          uniq_saint_roka

Skill      XL: |  1  2  3  4  5  6  7  8  9 10 11 |
---------------+----------------------------------+-----
Shields        | 1 2 3 4 |  4.0
Axes           | 4 5 6 7 10 11 12 | 12.8
Fighting       | 3 4 5 7 8 10 | 10.2
Armour         | 1 2 3 4 6 8 9 |  9.6
Throwing       | |  2.0
Dodging        | |  2.6

Action                   |  1- 3 |  4- 6 |  7- 9 | 10-12 || total
-------------------------+-------+-------+-------+-------++-------
Melee: War axe           |   124 |   226 |   371 |   244 ||   965
       Kick              |       |       |     8 |    81 ||    89
Invok: Sacrifice Love    |       |       |     1 |       ||     1
       Sacrifice Arcana  |       |       |     1 |       ||     1
       Sacrifice Artific |       |       |       |     1 ||     1
 Abil: Dig               |       |       |     2 |     3 ||     5
Evoke: Wand              |       |       |     3 |    10 ||    13
  Use: Scroll            |       |     9 |     4 |     2 ||    15
       Potion            |       |     5 |     3 |     4 ||    12
 Stab: Distracted        |       |       |     1 |       ||     1
       Invisible         |       |       |       |     4 ||     4
  Eat: Chunk             |     1 |     8 |    12 |    10 ||    31
Armor: Leather armour    |    29 |       |       |       ||    29
       Chain mail        |    36 |   125 |    65 |    87 ||   313
       Plate armour      |       |       |    92 |       ||    92
Dodge: Dodged            |    82 |    88 |   111 |    90 ||   371
Block: Buckler           |    21 |    71 |   130 |    72 ||   294

Table legend:
 A = Spawn XP
 B = Non-spawn XP
 C = Spawn XP percentage of total XP
 D = Spawn monster count
 E = Non-spawn monster count
 F = Spawn count percentage of total count
 G = Total turns spent on level
                    A         B        C        D         E        F      G
               +---------+---------+-------+---------+---------+-------+---------
         Total |       0 |   16335 |   0.0 |       0 |     225 |   0.0 | 10059
               +---------+---------+-------+---------+---------+-------+---------
           D:1 |       0 |      62 |   0.0 |       0 |      36 |   0.0 |  1087
           D:2 |       0 |      76 |   0.0 |       0 |      32 |   0.0 |  1074
           D:3 |       0 |      81 |   0.0 |       0 |      20 |   0.0 |   813
           D:4 |       0 |     534 |   0.0 |       0 |      25 |   0.0 |  1369
           D:5 |       0 |       5 |   0.0 |       0 |       4 |   0.0 |   195
           D:6 |       0 |     346 |   0.0 |       0 |      13 |   0.0 |   868
           D:7 |       0 |     650 |   0.0 |       0 |      18 |   0.0 |   844
           D:8 |       0 |    1688 |   0.0 |       0 |      21 |   0.0 |   712
          D:10 |       0 |   10767 |   0.0 |       0 |      42 |   0.0 |  2347
         Orc:1 |       0 |    2126 |   0.0 |       0 |      14 |   0.0 |   740
               +---------+---------+-------+---------+---------+-------+---------
